 Dungeon Sprint DCSS version 0.21-a0-52-gbf49515 (webtiles) character file.

9101 Kidiri the Grappler (level 11, -2/118 (120) HPs)
             Began as a Troll Monk on June 13, 2017.
             Was the Champion of Wu Jian.
             Slain by a 15-headed hydra (4 damage)
             ... in the Dungeon (Sprint I: "Red Sonja").
             The game lasted 00:12:48 (1576 turns).

Kidiri the Grappler (Troll Monk)                    Turns: 1576, Time: 00:12:48

HP:   -2/118 (120)  AC:  5    Str: 21    XL:     11   Next: 18%
MP:   10/10         EV: 16    Int:  6    God:    Wu Jian [******]
Gold: 289           SH: 12    Dex: 18    Spells: 10/10 levels left

rFire    . . .     SeeInvis .     - Unarmed
rCold    + . .     Gourm    +   p - +0 shield
rNeg     + . .     Faith    .   l - +0 robe {rC+}
rPois    .         Spirit   .   (helmet restricted)
rElec    .         Reflect  +   (no cloak)
rCorr    .         Harm     .   (gloves unavailable)
MR       .....     NoTele   +   (boots unavailable)
Stlth    ++++......             a - +3 amulet of reflection
Regen    0.7/turn               m - ring "Cerphienk" {rN+ Dex+3}
MPRegen  0.2/turn               (no ring)

@: no status effects
A: unfitting armour, claws 3, fast metabolism 3, gourmand, regeneration 1,
shaggy fur 1, tough skin 2
a: Serpent's Lash, Heavenly Storm, Renounce Religion


You were in the Dungeon.
You worshipped Wu Jian.
Wu Jian was exalted by your worship.
You were very full.

You visited 1 branch You collected 908 gold pieces.
You spent 619 gold pieces at shops.

Inventory:

Hand Weapons
 j - a +0 shortbow
Missiles
 k - 53 arrows
Armour
 l - a +0 robe of cold resistance (worn)
 p - a +0 shield (worn)
Jewellery
 a - a +3 amulet of reflection (around neck)
 m - the ring "Cerphienk" (left claw) {rN+ Dex+3}
   (You bought it in a shop in the Dungeon)

   [ring of dexterity]

   It affects your dexterity (+3).
   It protects you from negative energy.
Scrolls
 h - a scroll of blinking
 i - a scroll of identify
 n - a scroll of enchant armour {unknown}
Potions
 c - a potion of curing
 d - 3 potions of flight
 e - a potion of haste
 f - 2 potions of magic
 g - a potion of lignification
Comestibles
 b - 6 bread rations
 o - 15 chunks of flesh


   Skills:
 * Level 11.0 Fighting
 + Level 4.1 Bows
 + Level 7.6 Armour
 * Level 11.1 Dodging
 * Level 8.4 Stealth
 + Level 2.9 Shields
 * Level 12.8 Unarmed Combat


You had 10 spell levels left.
You didn't know any spells.

Dungeon Overview and Level Annotations

Branches:
Dungeon (1/1)

Altars:
Cheibriados
Dithmenos
Elyvilon
Fedhas
Gozag
Hepliaklqana
Kikubaaqudgha
Makhleb
Nemelex Xobeh
Okawaru
Qazlal
Ru
Sif Muna
Trog
Uskayaw
Vehumet
Wu Jian
Xom
Yredelemnul
Zin
The Shining One
Jiyva
Lugonu

Shops:
D (?!?=}=?=}?:[*[}

Annotations:
D exclusion: 2 doors


Innate Abilities, Weirdness & Mutations

You are too large for most types of armour.
You have claws for hands.
Your metabolism is lightning-fast.
You like to eat raw meat.
Your natural rate of healing is unusually fast.
You are covered in fur. (AC +1)
You have very tough skin. (AC +2)


Message History

You kill the floating eye!
The Council accepts your kill.
Unknown command.
There is an open door here.
You see here 27 gold pieces.
Unknown command.
You repeatedly attack the 13-headed hydra from above.
You claw one of the 13-headed hydra's heads off!
The 12-headed hydra grows two more!
You claw the 14-headed hydra!
The 14-headed hydra is lightly wounded.
You tear one of the 14-headed hydra's heads off!
The 13-headed hydra grows two more!
You mangle the 15-headed hydra!!
The 15-headed hydra is heavily wounded.
You block the 15-headed hydra's attack. x2
The 15-headed hydra bites you but does no damage.
The 15-headed hydra misses you. The 15-headed hydra bites you!
* * * LOW HITPOINT WARNING * * *
The 15-headed hydra barely misses you. The 15-headed hydra misses you.
The 15-headed hydra barely misses you. The 15-headed hydra bites you.
You die...

####################
.#..#§..§§.§§§§§@D$#
)##+#§####§§.§§##§§+
.'.÷#§# ##§§§######
##§§§§# ###+#
##+#### # # ### +.#


You could see a 15-headed hydra.

Vanquished Creatures
  2 centaur warriors (D)
  A deep troll (D)
  2 unseen horrors (D)
  A lindwurm (D)
  An oklob plant (D)
  2 kobold demonologists (D)
  4 demonic crawlers (D)
  A slime creature (D)
  A hornet (D)
  2 redbacks (D)
  Sigmund (D)
  13 hogs (D)
  A yak (D)
  3 floating eyes (D)
  7 necrophages (D)
  An ogre (D)
  8 jellies (D)
  Ijyb (D)
52 creatures vanquished.

Vanquished Creatures (others)
  2 hornets (D)
2 creatures vanquished.

Grand Total: 54 creatures vanquished

Notes
Turn   | Place    | Note
-------+----------+-------------------------------------------
     0 | D        | Kidiri the Troll Monk began the quest for the Orb.
     0 | D        | Reached XP level 1. HP: 22/22 MP: 0/0
     2 | D        | Noticed Ijyb
    22 | D        | Killed Ijyb
    22 | D        | Reached skill level 1 in Armour
    22 | D        | Reached skill level 4 in Unarmed Combat
    22 | D        | Reached XP level 2. HP: 29/31 MP: 1/1
    26 | D        | Noticed an ogre
    36 | D        | Killed an ogre
    36 | D        | Reached skill level 5 in Unarmed Combat
    36 | D        | Reached XP level 3. HP: 27/39 MP: 2/2
    36 | D        | Reached XP level 4. HP: 33/48 MP: 3/3
    87 | D        | Noticed Sigmund
    94 | D        | Killed Sigmund
    94 | D        | Reached skill level 5 in Fighting
    94 | D        | Reached skill level 5 in Dodging
    94 | D        | Reached skill level 6 in Unarmed Combat
    94 | D        | Reached XP level 5. HP: 52/57 MP: 4/4
   109 | D        | Found an ornate altar of the Wu Jian Council.
   109 | D        | Found a deep blue altar of Sif Muna.
   111 | D        | Found a radiant altar of Vehumet.
   114 | D        | Became a worshipper of the Wu Jian Council
   114 | D        | Reached * piety under Wu Jian
   114 | D        | Reached ** piety under Wu Jian
   116 | D        | Reached XP level 6. HP: 66/66 MP: 5/5
   156 | D        | Found Jaufap's Antique Weapon Emporium.
   156 | D        | Found an ancient bone altar of Kikubaaqudgha.
   156 | D        | Found a hazy altar of Hepliaklqana.
   156 | D        | Found a stormy altar of Qazlal.
   156 | D        | Found a hide-covered altar of Uskayaw.
   156 | D        | Found a blossoming altar of Fedhas.
   156 | D        | Found a bloodstained altar of Trog.
   156 | D        | Found an iron altar of Okawaru.
   156 | D        | Found a basalt altar of Yredelemnul.
   156 | D        | Found a glowing golden altar of the Shining One.
   156 | D        | Found a snail-covered altar of Cheibriados.
   156 | D        | Found a sacrificial altar of Ru.
   156 | D        | Found a glowing silver altar of Zin.
   156 | D        | Found a shadowy altar of Dithmenos.
   156 | D        | Found a white marble altar of Elyvilon.
   156 | D        | Noticed a yak
   157 | D        | Found an opulent altar of Gozag.
   162 | D        | Killed a yak
   162 | D        | Reached skill level 7 in Unarmed Combat
   169 | D        | Found a sparkling altar of Nemelex Xobeh.
   187 | D        | Found a burning altar of Makhleb.
   187 | D        | Found a viscous altar of Jiyva.
   187 | D        | Found a shimmering altar of Xom.
   187 | D        | Found a corrupted altar of Lugonu.
   187 | D        | Noticed a slime creature
   198 | D        | Killed a slime creature
   198 | D        | Reached skill level 8 in Unarmed Combat
   198 | D        | Reached XP level 7. HP: 29/76 MP: 6/6
   275 | D        | Noticed a centaur warrior
   277 | D        | Noticed a centaur warrior
   283 | D        | Killed a centaur warrior
   283 | D        | Reached *** piety under Wu Jian
   283 | D        | Reached skill level 5 in Armour
   283 | D        | Reached skill level 5 in Stealth
   283 | D        | Reached skill level 9 in Unarmed Combat
   283 | D        | Reached XP level 8. HP: 65/88 MP: 7/7
   289 | D        | Killed a centaur warrior
   289 | D        | Reached skill level 10 in Unarmed Combat
   373 | D        | Noticed a hornet
   378 | D        | Paralysed by a hornet for 1 turns
   382 | D        | Killed a hornet
   382 | D        | Reached XP level 9. HP: 38/97 MP: 8/8
   481 | D        | Noticed an oklob plant
   482 | D        | Killed an oklob plant
   482 | D        | Reached skill level 1 in Bows
   496 | D        | Reached **** piety under Wu Jian
   810 | D        | Killed an unseen horror
   810 | D        | Reached ***** piety under Wu Jian
   810 | D        | Reached skill level 11 in Unarmed Combat
   823 | D        | Killed an unseen horror
   823 | D        | Reached XP level 10. HP: 38/109 MP: 9/9
   963 | D        | Reached ****** piety under Wu Jian
   967 | D        | Reached skill level 10 in Dodging
   985 | D        | Reached skill level 10 in Fighting
  1044 | D        | Found Gemicor's Distillery.
  1044 | D        | Found Kuici's Magic Scroll Shop.
  1044 | D        | Found Zouz's Magic Scroll Boutique.
  1046 | D        | Found Ydwi's Jewellery Emporium.
  1046 | D        | Found Qaaxt's Gadget Shop.
  1046 | D        | Found Jahell's Jewellery Shoppe.
  1046 | D        | Found Ypaitu's Magic Scroll Boutique.
  1046 | D        | Found Uguffuim's Jewellery Emporium.
  1046 | D        | Found Xaenwiniesh's Gadget Shop.
  1046 | D        | Found Farchan's Magic Scroll Shoppe.
  1050 | D        | Found Leuce's Book Boutique.
  1051 | D        | Found Cauxadag's Assorted Antiques.
  1051 | D        | Found Kugha's Antique Armour Boutique.
  1052 | D        | Found Hegawit's Gadget Emporium.
  1067 | D        | Bought a scroll of identify for 26 gold pieces
  1071 | D        | Bought a +3 amulet of reflection for 172 gold pieces
  1076 | D        | Bought the ring "Cerphienk" {rN+ Dex+3} for 376 gold pieces
  1146 | D        | Noticed a deep troll
  1149 | D        | Killed a deep troll
  1165 | D        | Found Yramaji's Armour Emporium.
  1169 | D        | Bought a +0 shield for 45 gold pieces
  1212 | D        | Noticed a sun demon
  1213 | D        | Noticed a sun demon
  1217 | D        | Reached skill level 1 in Shields
  1217 | D        | Reached skill level 12 in Unarmed Combat
  1405 | D        | Noticed a lindwurm
  1412 | D        | Killed a lindwurm
  1466 | D        | Reached XP level 11. HP: 99/117 MP: 10/10
  1565 | D        | Noticed a 12-headed hydra
  1569 | D        | Paralysed by a floating eye for 2 turns
  1576 | D        | HP: 2/118 [15-headed hydra (14)]
  1576 | D        | Slain by a 15-headed hydra

Vault maps used:
D:        dungeon_sprint_1

Skill      XL: |  1  2  3  4  5  6  7  8  9 10 11 |
---------------+----------------------------------+-----
Fighting       | 3 4 5 6 7 8 9 10 11 | 11.0
Armour         | 1 2 3 4 5 6 7 |  7.6
Dodging        | 3 4 5 6 7 8 9 10 11 | 11.1
Unarmed Combat | 4 5 6 8 9 10 11 12 | 12.8
Stealth        | 2 3 4 5 6 7 8 |  8.4
Bows           | 2 3 4 |  4.1
Shields        | 2 |  2.9

Action                   |  1- 3 |  4- 6 |  7- 9 | 10-12 || total
-------------------------+-------+-------+-------+-------++-------
Melee: Unarmed           |    23 |    16 |    50 |   121 ||   210
       Punch             |       |     1 |     3 |     1 ||     5
Invok: Serpent's Lash    |       |       |       |     1 ||     1
       Heavenly Storm    |       |       |       |     1 ||     1
  Use: Potion            |     1 |     1 |       |       ||     2
       Scroll            |       |       |       |     2 ||     2
 Stab: Sleeping          |       |     4 |     4 |     3 ||    11
  Eat: Chunk             |       |     2 |     8 |     9 ||    19
Armor: Robe              |     4 |     1 |     7 |     7 ||    19
Dodge: Dodged            |     4 |     3 |    26 |    56 ||    89
Block: Shield            |       |       |       |    39 ||    39
